 Dungeon Crawl Stone Soup version 0.19-a0-1254-gb9c29c0 (webtiles) character file.

16 Kidiri the Magician (level 2, -1/15 HPs)
             Began as a Deep Elf Fire Elementalist on Aug 27, 2016.
             Slain by a goblin (4 damage)
             ... on level 1 of the Dungeon.
             The game lasted 00:02:08 (357 turns).

Kidiri the Magician (Deep Elf Fire Elementalist)     Turns: 357, Time: 00:02:09

Health: -1/15      AC:  3    Str:  5    XL:     2   Next: 41%
Magic:  0/8        EV: 15    Int: 19    God:
Gold:   34         SH:  0    Dex: 15    Spells: 2 memorised, 5 levels left

rFire  . . .     SeeInvis .     d - +0 dagger
rCold  . . .     Gourm    .     a - +0 robe
rNeg   . . .     Faith    .     (no shield)
rPois  .         Spirit   .     (no helmet)
rElec  .         Dismiss  .     (no cloak)
rCorr  .         Reflect  .     (no gloves)
MR     .....     Harm     .     i - +0 pair of boots
Stlth  ++........ Clarity  +    (no amulet)
                                (no ring)
                                (no ring)

@: no status effects
A: repulsion field 1, blurry vision 1, clarity
a: no special abilities


You were on level 1 of the Dungeon.
You were not hungry.

You visited 1 branch of the dungeon, and saw 1 of its levels.

You collected 34 gold pieces.

Inventory:

Hand Weapons
 d - a +0 dagger (weapon)
Armour
 a - a +0 robe (worn)
 i - a +0 pair of boots (worn)
Books
 b - a book of Flames

   Spells                             Type                      Level
   a - Flame Tongue                   Conjuration/Fire             1
   b - Throw Flame                    Conjuration/Fire             2
   c - Conjure Flame                  Conjuration/Fire             3
   d - Inner Flame                    Hexes/Fire                   3
   e - Sticky Flame                   Conjuration/Fire             4
   f - Fireball                       Conjuration/Fire             5
Comestibles
 c - a bread ration
 f - a meat ration
 g - 4 chunks of flesh
 h - a beef jerky


   Skills:
 - Level 2.4 Dodging
 - Level 2.4 Stealth
 * Level 3.8 Spellcasting
 + Level 1.7 Conjurations
 + Level 3.4 Fire Magic


You had 5 spell levels left.
You knew the following spells:

 Your Spells              Type           Power        Failure   Level  Hunger
a - Flame Tongue          Conj/Fire      ##...        6%          1    None
b - Throw Flame           Conj/Fire      ##....       10%         2    ##.....


Dungeon Overview and Level Annotations

Branches:
Dungeon (1/15)

Altars:


Innate Abilities, Weirdness & Mutations

You are surrounded by a mild repulsion field. (EV +2)
Scrolls take you a little longer to read.
You possess an exceptional clarity of mind.


Message History

Okay, then.
Casting: Flame Tongue
Confirm with . or Enter, or press ? or * to list all spells.
Okay, then.
Unknown command.
Casting: Flame Tongue
Confirm with . or Enter, or press ? or * to list all spells.
Aiming: Flame Tongue
Press: ? - help, Shift-Dir - straight line, f - goblin
Aim: a goblin The flame tongue hits the goblin.
The goblin is severely wounded.
The goblin hits you.
* * * LOW HITPOINT WARNING * * *
Some of the chunks of flesh in your inventory have rotted away.
It was a potion of mutation.
You feel extremely strange.
Your vision blurs.
You begin to radiate repulsive energy.
Your thoughts seem clearer.
The goblin hits you.
You die...

# ######
.....#
####.#
#####
####.#
####......
..##.#
#)@..#
#.##.#
#g####
#.##.# #.#
.....# #J#
#.#### #.#
...# #.#
.#.# #.#
...# #.#
#.## #†###


You could see an ooze and a goblin.

Vanquished Creatures
  A giant gecko (D:1)
  2 giant cockroaches (D:1)
  A goblin (D:1)
  5 jackals (D:1)
  A bat (D:1)
  2 kobolds (D:1)
  2 rats (D:1)
  A toadstool (D:1)
15 creatures vanquished.

Vanquished Creatures (others)
  3 toadstools (D:1)
3 creatures vanquished.

Grand Total: 18 creatures vanquished

Notes
Turn   | Place    | Note
-------+----------+-------------------------------------------
     0 | D:1      | Kidiri the Deep Elf Fire Elementalist began the quest for the Orb.
     0 | D:1      | Reached XP level 1. HP: 10/10 MP: 6/6
   177 | D:1      | Reached XP level 2. HP: 15/15 MP: 0/8
   181 | D:1      | Learned a level 2 spell: Throw Flame
   356 | D:1      | Gained mutation: Scrolls take you a little longer to read. [potion of mutation]
   356 | D:1      | Gained mutation: You are surrounded by a mild repulsion field. (EV +2) [potion of mutation]
   356 | D:1      | Gained mutation: You possess an exceptional clarity of mind. [potion of mutation]
   357 | D:1      | Slain by a goblin

Vault maps used:
D:1:      ldierk_water_garden, st_stairs_14

Action                   || total
-------------------------++-------
Melee: Dagger            ||    17
 Cast: Flame Tongue      ||    24
       Throw Flame       ||     1
  Use: Potion            ||     1
 Stab: Sleeping          ||     1
Armor: Robe              ||     8
Dodge: Dodged            ||    19
